ORI
UNIVERSITY OF CONNETICUT HUSKIES @ UNIVERSITY OF OKLAHOMA SOONERS
09/07/2049
 
TOP OF THE 1ST
University of Conneticut Huskies batting - Pitching for University of Oklahoma Sooners : RHP Josh Marker
Pitching: RHP Josh Marker
Batting: RHB Victor Ramos 0-0: Called Strike
0-1: Fly out, F8 (Flyball, 8LM, EV 89.4 MPH)
Batting: RHB Phil Hilton 0-0: Ball
1-0: Ground out 5-3 (Groundball, 56, EV 106.2 MPH)
Batting: LHB Greg James 0-0: Ball
1-0: Foul Ball, location: 2F
1-1: Ball
2-1: Ball
3-1: Base on Balls
Batting: LHB Jonathan Sica 0-0: Called Strike
0-1: Swinging Strike
0-2: Strikes out swinging
Top of the 1st over - 0 runs, 0 hits, 0 errors, 1 left on base; University of Conneticut 0 - University of Oklahoma 0
BOTTOM OF THE 1ST
University of Oklahoma Sooners batting - Pitching for University of Conneticut Huskies : RHP Hyun-kyoo Kim
Pitching: RHP Hyun-kyoo Kim
Batting: RHB Kjeld Leen 0-0: Ball
1-0: Ball
2-0: Called Strike
2-1: Foul Ball, location: 2F
2-2: Ball
3-2: Foul Ball, location: 2F
3-2: Base on Balls
Batting: RHB Mike Blehm 0-0: Ball
1-0: Fly out, F8 (Flyball, 8RM, EV 85.6 MPH)
Batting: RHB Suk Hahn 0-0: Ball
1-0: Ball
2-0: SINGLE (Flyball, 78S, EV 90.0 MPH)
Kjeld Leen to second
Batting: RHB Alex Perez 0-0: Called Strike
0-1: Called Strike
0-2: Foul Ball, location: 2F
0-2: Strikes out swinging
Batting: SHB Orlando Uribe 0-0: Ball
1-0: Ball
2-0: Fly out, F8 (Flyball, 8RXD, EV 98.1 MPH)
Bottom of the 1st over - 0 runs, 1 hit, 0 errors, 2 left on base; University of Conneticut 0 - University of Oklahoma 0
TOP OF THE 2ND
University of Conneticut Huskies batting - Pitching for University of Oklahoma Sooners : RHP Josh Marker
Batting: RHB Jai De san miguel 0-0: Called Strike
0-1: Called Strike
0-2: Strikes out looking
Batting: RHB Charlie Slayback 0-0: Ball
1-0: Ball
2-0: Called Strike
2-1: Foul Ball, location: 2F
2-2: Ball
3-2: Fly out, F8 (Flyball, 8RS, EV 77.5 MPH)
Batting: RHB Jordan Nicholas 0-0: Called Strike
0-1: Foul Ball, location: 2F
0-2: Ball
1-2: Ball
2-2: Ball
3-2: Foul Ball, location: 2F
3-2: Foul Ball, location: 2F
3-2: Foul Ball, location: 2F
3-2: Strikes out swinging
Top of the 2nd over - 0 runs, 0 hits, 0 errors, 0 left on base; University of Conneticut 0 - University of Oklahoma 0
BOTTOM OF THE 2ND
University of Oklahoma Sooners batting - Pitching for University of Conneticut Huskies : RHP Hyun-kyoo Kim
Batting: RHB Sugiarto Kartosuwiryo 0-0: Called Strike
0-1: Ball
1-1: Fly out, F4 (Popup, 34S, EV 89.4 MPH)
Batting: RHB Sam Mason 0-0: Fly out, F9 (Flyball, 89XD, EV 78.1 MPH)
Batting: RHB David Stuckey 0-0: Called Strike
0-1: Ball
1-1: Swinging Strike
1-2: Ball
2-2: Strikes out looking
Bottom of the 2nd over - 0 runs, 0 hits, 0 errors, 0 left on base; University of Conneticut 0 - University of Oklahoma 0
TOP OF THE 3RD
University of Conneticut Huskies batting - Pitching for University of Oklahoma Sooners : RHP Josh Marker
Batting: RHB Lee Wilbur 0-0: Fly out, F8 (Flyball, 8LD, EV 90.6 MPH)
Batting: LHB Chris Grayson 0-0: Fly out, F7 (Flyball, 7S, EV 85.0 MPH)
Batting: RHB Victor Ramos 0-0: Swinging Strike
0-1: Foul Ball, location: 2F
0-2: Strikes out swinging
Top of the 3rd over - 0 runs, 0 hits, 0 errors, 0 left on base; University of Conneticut 0 - University of Oklahoma 0
BOTTOM OF THE 3RD
University of Oklahoma Sooners batting - Pitching for University of Conneticut Huskies : RHP Hyun-kyoo Kim
Batting: RHB Ben Gappa 0-0: Ball
1-0: Called Strike
1-1: Called Strike
1-2: Foul Ball, location: 2F
1-2: Strikes out swinging
Batting: RHB Kjeld Leen 0-0: Foul Ball, location: 2F
0-1: Swinging Strike
0-2: Ball
1-2: Foul Ball, location: 2F
1-2: Strikes out swinging
Batting: RHB Mike Blehm 0-0: Ground out 4-3 (Groundball, 4, EV 80.0 MPH)
Bottom of the 3rd over - 0 runs, 0 hits, 0 errors, 0 left on base; University of Conneticut 0 - University of Oklahoma 0
TOP OF THE 4TH
University of Conneticut Huskies batting - Pitching for University of Oklahoma Sooners : RHP Josh Marker
Batting: RHB Phil Hilton 0-0: Foul Ball, location: 2F
0-1: Ball
1-1: Ball
2-1: Foul Ball, location: 2F
2-2: Foul Ball, location: 2F
2-2: Foul Ball, location: 2F
2-2: Ball
3-2: DOUBLE (Line Drive, 7LM, EV 91.2 MPH)
Batting: LHB Greg James 0-0: Called Strike
0-1: SINGLE (Groundball, 6D, EV 108.8 MPH)
Phil Hilton to third
Runner from 3rd tries for Home, SAFE, throw by LF to home
Batting: LHB Jonathan Sica 0-0: Foul Ball, location: 2F
0-1: Foul Ball, location: 2F
0-2: Strikes out looking
Batting: RHB Jai De san miguel 0-0: Ball
1-0: Foul Ball, location: 2F
1-1: Called Strike
1-2: Strikes out swinging
Batting: RHB Charlie Slayback 0-0: Fly out, F8 (Flyball, 8RXD, EV 106.2 MPH)
Top of the 4th over - 1 run, 2 hits, 0 errors, 1 left on base; University of Conneticut 1 - University of Oklahoma 0
BOTTOM OF THE 4TH
University of Oklahoma Sooners batting - Pitching for University of Conneticut Huskies : RHP Hyun-kyoo Kim
Batting: RHB Suk Hahn 0-0: Ball
1-0: Called Strike
1-1: Ball
2-1: Called Strike
2-2: Foul Ball, location: 2F
2-2: Ball
3-2: Foul Ball, location: 2F
3-2: Base on Balls
Batting: RHB Alex Perez 0-0: Called Strike
0-1: Called Strike
0-2: Ball
1-2: Fly out, F7 (Line Drive, 78M, EV 87.5 MPH)
Batting: SHB Orlando Uribe 0-0: Ball
1-0: Swinging Strike
1-1: Grounds into double play, 6-4-3 (Groundball, 56, EV 101.2 MPH)
Bottom of the 4th over - 0 runs, 0 hits, 0 errors, 0 left on base; University of Conneticut 1 - University of Oklahoma 0
TOP OF THE 5TH
University of Conneticut Huskies batting - Pitching for University of Oklahoma Sooners : RHP Josh Marker
Batting: RHB Jordan Nicholas 0-0: Swinging Strike
0-1: Ball
1-1: Swinging Strike
1-2: Ball
2-2: Strikes out swinging
Batting: RHB Lee Wilbur 0-0: Ball
1-0: Ball
2-0: SINGLE (Groundball, 5D, EV 99.4 MPH)
Batting: LHB Chris Grayson 0-0: Called Strike
0-1: Called Strike
0-2: Foul Ball, location: 2F
0-2: Foul Ball, location: 2F
0-2: Strikes out swinging
Batting: RHB Victor Ramos 0-0: Called Strike
0-1: Called Strike
0-2: Foul Ball, location: 2F
0-2: Foul Ball, location: 2F
0-2: Ball
1-2: Ball
2-2: Strikes out swinging
Top of the 5th over - 0 runs, 1 hit, 0 errors, 1 left on base; University of Conneticut 1 - University of Oklahoma 0
BOTTOM OF THE 5TH
University of Oklahoma Sooners batting - Pitching for University of Conneticut Huskies : RHP Hyun-kyoo Kim
Batting: RHB Sugiarto Kartosuwiryo 0-0: Called Strike
0-1: Ball
1-1: Foul Ball, location: 2F
1-2: Reached on error, E4 (Groundball, 4M, EV 88.8 MPH)
Batting: RHB Sam Mason 0-0: Ball
1-0: Ball
2-0: Foul Ball, location: 2F
2-1: Foul Ball, location: 2F
2-2: Strikes out swinging
Batting: RHB David Stuckey 0-0: Fly out, F8 (Flyball, 8RD, EV 81.9 MPH)
Batting: RHB Ben Gappa 0-0: Ball
1-0: DOUBLE (Line Drive, 89XD, EV 97.5 MPH)
Sugiarto Kartosuwiryo to third
Runner from 3rd tries for Home, SAFE, no throw by RF
Batting: RHB Kjeld Leen 0-0: Called Strike
0-1: SINGLE (Groundball, 13S, EV 68.8 MPH) (infield hit)
Ben Gappa to third
Batting: RHB Mike Blehm 0-0: Ball
1-0: SINGLE (Groundball, 56D, EV 96.9 MPH)
Ben Gappa scores
Kjeld Leen to second
Batting: RHB Suk Hahn 0-0: DOUBLE (Line Drive, 78D, EV 91.9 MPH)
Kjeld Leen scores
Mike Blehm to third
Runner from 3rd tries for Home, SAFE, throw by CF to home
Batting: RHB Alex Perez 0-0: Ball
1-0: Called Strike
1-1: SINGLE (Groundball, 13, EV 69.4 MPH) (infield hit)
Suk Hahn to third
Batting: SHB Orlando Uribe 0-0: Foul Ball, location: 2F
0-1: Ball
1-1: Fly out, F9 (Flyball, 89M, EV 91.9 MPH)
Bottom of the 5th over - 4 runs, 5 hits, 1 error, 2 left on base; University of Conneticut 1 - University of Oklahoma 4
TOP OF THE 6TH
University of Conneticut Huskies batting - Pitching for University of Oklahoma Sooners : RHP Josh Marker
Batting: RHB Phil Hilton 0-0: Called Strike
0-1: Ball
1-1: DOUBLE (Line Drive, 9LM, EV 111.2 MPH)
Pitching: RHP Noboru Kamai
Batting: LHB Greg James 0-0: Called Strike
0-1: Called Strike
0-2: Ball
1-2: Ball
2-2: Ball
3-2: Ground out 6-3 (Groundball, 6, EV 77.5 MPH)
Batting: LHB Jonathan Sica 0-0: Ball
1-0: Called Strike
1-1: Foul Ball, location: 2F
1-2: Ground out 4-3 (Groundball, 4M, EV 80.0 MPH)
Phil Hilton to third
Batting: RHB Jai De san miguel 0-0: Ball
1-0: Called Strike
1-1: Fly out, F9 (Flyball, 9, EV 90.6 MPH)
Top of the 6th over - 0 runs, 1 hit, 0 errors, 1 left on base; University of Conneticut 1 - University of Oklahoma 4
BOTTOM OF THE 6TH
University of Oklahoma Sooners batting - Pitching for University of Conneticut Huskies : RHP Hyun-kyoo Kim
Pitching: RHP Leo Cartwright
Batting: RHB Sugiarto Kartosuwiryo 0-0: Foul Ball, location: 2F
0-1: Foul Ball, location: 2F
0-2: Ball
1-2: Ball
2-2: Foul Ball, location: 2F
2-2: Ball
3-2: Foul Ball, location: 2F
3-2: Fly out, F9 (Line Drive, 9LM, EV 92.5 MPH)
Batting: RHB Sam Mason 0-0: Called Strike
0-1: Called Strike
0-2: Strikes out swinging
Batting: RHB David Stuckey 0-0: Called Strike
0-1: Ball
1-1: Ball
2-1: Hit by Pitch
Batting: RHB Ben Gappa 0-0: Ball
1-0: Called Strike
1-1: SINGLE (Groundball, 34D, EV 108.1 MPH)
David Stuckey to second
Throwing error, E9
David Stuckey scores
Ben Gappa to second
Batting: RHB Kjeld Leen 0-0: Foul Ball, location: 2F
0-1: Ball
1-1: Ball
2-1: Foul Ball, location: 2F
2-2: Strikes out swinging
Bottom of the 6th over - 1 run, 1 hit, 1 error, 1 left on base; University of Conneticut 1 - University of Oklahoma 5
TOP OF THE 7TH
University of Conneticut Huskies batting - Pitching for University of Oklahoma Sooners : RHP Noboru Kamai
Batting: RHB Charlie Slayback 0-0: Swinging Strike
0-1: Ball
1-1: Swinging Strike
1-2: Strikes out swinging
Batting: RHB Jordan Nicholas 0-0: DOUBLE (Line Drive, 9LD, EV 113.1 MPH)
Batting: RHB Lee Wilbur 0-0: Foul Ball, location: 2F
0-1: Ball
Jordan Nicholas steals 3rd base
1-1: SINGLE (Line Drive, 78S, EV 90.6 MPH)
Jordan Nicholas scores
Batting: LHB Chris Grayson 0-0: Ball
1-0: Called Strike
1-1: Foul Ball, location: 2F
1-2: Ball
2-2: Ball
3-2: Foul Ball, location: 2F
3-2: Strikes out looking
Batting: RHB Victor Ramos 0-0: Ball
Lee Wilbur is caught stealing 2nd base 2-4
Top of the 7th over - 1 run, 2 hits, 0 errors, 0 left on base; University of Conneticut 2 - University of Oklahoma 5
BOTTOM OF THE 7TH
University of Oklahoma Sooners batting - Pitching for University of Conneticut Huskies : RHP Leo Cartwright
Pitching: RHP Hugo Chavez
Batting: RHB Mike Blehm 0-0: Ball
1-0: Ball
2-0: Ball
3-0: Called Strike
3-1: Ground out 6-3 (Groundball, 6, EV 88.1 MPH)
Batting: RHB Suk Hahn 0-0: Ball
1-0: Called Strike
1-1: Ball
2-1: Called Strike
2-2: SINGLE (Line Drive, 56D, EV 108.8 MPH)
Batting: RHB Alex Perez 0-0: Ball
1-0: Swinging Strike
1-1: Ball
Suk Hahn is caught stealing 2nd base 2-4
2-1: DOUBLE (Line Drive, 78XD, EV 106.9 MPH)
Batting: SHB Orlando Uribe 0-0: Ball
1-0: Called Strike
1-1: Called Strike
1-2: Ball
2-2: Strikes out swinging
Bottom of the 7th over - 0 runs, 2 hits, 0 errors, 1 left on base; University of Conneticut 2 - University of Oklahoma 5
TOP OF THE 8TH
University of Conneticut Huskies batting - Pitching for University of Oklahoma Sooners : RHP Noboru Kamai
Batting: RHB Victor Ramos 0-0: Called Strike
0-1: Called Strike
0-2: Strikes out swinging
Batting: RHB Phil Hilton 0-0: Ball
1-0: Foul Ball, location: 2F
1-1: Ground out 6-3 (Groundball, 56, EV 102.5 MPH)
Batting: LHB Greg James 0-0: Called Strike
0-1: Ball
1-1: Ball
2-1: Fly out, F8 (Line Drive, 8RM, EV 86.9 MPH)
Top of the 8th over - 0 runs, 0 hits, 0 errors, 0 left on base; University of Conneticut 2 - University of Oklahoma 5
BOTTOM OF THE 8TH
University of Oklahoma Sooners batting - Pitching for University of Conneticut Huskies : RHP Hugo Chavez
Pitching: LHP Marvin Lopez
Batting: RHB Sugiarto Kartosuwiryo 0-0: Ball
1-0: Ball
2-0: Swinging Strike
2-1: Swinging Strike
2-2: Ball
3-2: Base on Balls
Batting: RHB Sam Mason 0-0: Ball
1-0: Ball
2-0: Ball
3-0: Called Strike
3-1: Foul Ball, location: 2F
3-2: Strikes out swinging
Batting: RHB David Stuckey 0-0: Swinging Strike
0-1: Foul Ball, location: 2F
0-2: Ball
1-2: Ball
2-2: Fly out, F9 (Flyball, 9S, EV 90.6 MPH)
Batting: RHB Ben Gappa 0-0: Called Strike
0-1: Fielders Choice at 2nd, 5-4 (Groundball, 5, EV 85.0 MPH)
Bottom of the 8th over - 0 runs, 0 hits, 0 errors, 1 left on base; University of Conneticut 2 - University of Oklahoma 5
TOP OF THE 9TH
University of Conneticut Huskies batting - Pitching for University of Oklahoma Sooners : RHP Noboru Kamai
Pitching: RHP Roger Torrez
Batting: LHB Jonathan Sica 0-0: Foul Ball, location: 2F
0-1: Ball
1-1: Foul Ball, location: 2F
1-2: Foul Ball, location: 2F
1-2: Foul Ball, location: 2F
1-2: Strikes out swinging
Batting: RHB Jai De san miguel 0-0: Called Strike
0-1: Ball
1-1: Ball
2-1: Foul Ball, location: 2F
2-2: Strikes out swinging
Batting: RHB Charlie Slayback 0-0: Called Strike
0-1: Foul Ball, location: 2F
0-2: Ball
1-2: Ball
2-2: Ball
3-2: Fly out, F8 (Flyball, 8LD, EV 98.1 MPH)
Top of the 9th over - 0 runs, 0 hits, 0 errors, 0 left on base; University of Conneticut 2 - University of Oklahoma 5
Sunday, July 16th , 2023 - OOTP Baseball 24.6 Build 69